2125 views
Uploaded 2023-09-22 14:52:47
Game version 1.36 (6115)
91:00 long 2on2 ladder game on (4)LostTemple_S2
Saved by GIGA
2125 views
Uploaded 2023-09-22 14:52:47
Game version 1.36 (6115)
91:00 long 2on2 ladder game on (4)LostTemple_S2


88 units @ 10k
/ 1.5k
131 buildings @ 12.5k
/ 6.4k
GIGA
(207)
(90:56) : 

| Healing Salve | 1 | 100 |
| Lesser Clarity Potion | 2 | 140 |
| Tiny Great Hall | 1 | 600 |
| Boots of Speed | 1 | 250 |
| Staff of Teleportation | 1 | 150 |
| Circlet of Nobility | 2 | 350 |
| Potion of Lesser Invulnerability | 1 | 150 |
| total: | 9 | 1740g |
| Peon | 19 | 1425 | / | 0 |
| Grunt | 5 | 1000 | / | 0 |
| Troll Witch Doctor | 10 | 1450 | / | 250 |
| Goblin Shredder | 1 | 375 | / | 100 |
| total: | 35 | 4250g | / | 350w |
| Watch Tower | 37 | 4070 | / | 2960 |
| Altar of Storms | 2 | 360 | / | 100 |
| Orc Burrow | 7 | 1120 | / | 280 |
| Barracks | 1 | 180 | / | 50 |
| Voodoo Lounge | 2 | 260 | / | 60 |
| War Mill | 1 | 205 | / | 0 |
| Great Hall | 1 | 385 | / | 185 |
| Spirit Lodge | 1 | 150 | / | 150 |
| Stronghold | 1 | 315 | / | 190 |
| Fortress | 1 | 325 | / | 190 |
| total: | 52 | 6730g | / | 3785w |
| 0:03 | Peon |
| 0:03 | Peon |
| 0:08 | Altar of Storms |
| 0:11 | Orc Burrow |
| 0:12 | Peon |
| 0:35 | Barracks |
| 0:43 | Peon |
| 0:56 | Peon |
| 1:04 | Peon |
| 1:18 | Peon |
| 1:30 | Orc Burrow |
| 1:36 | Peon |
| 1:43 | Grunt |
| 1:43 | Grunt |
| 1:43 | Grunt |
| 1:55 | Peon |
| 2:12 | Serpent Ward |
| 2:21 | Grunt |
| 2:24 | Voodoo Lounge |
| 2:48 | Peon |
| 2:48 | Peon |
| 3:26 | Peon |
| 3:26 | Peon |
| 3:30 | Grunt |
| 3:47 | Hex |
| 4:03 | Stronghold |
| 4:35 | War Mill |
| 4:37 | Orc Burrow |
| 6:16 | Boots of Speed |
| 6:27 | Watch Tower |
| 6:28 | Watch Tower |
| 6:30 | Watch Tower |
| 6:31 | Watch Tower |
| 6:48 | Healing Salve |
| 6:48 | Lesser Clarity Potion |
| 8:24 | Watch Tower |
| 8:26 | Watch Tower |
| 8:27 | Watch Tower |
| 8:28 | Watch Tower |
| 8:32 | Watch Tower |
| 8:33 | Watch Tower |
| 8:34 | Watch Tower |
| 8:36 | Watch Tower |
| 8:48 | Watch Tower |
| 8:49 | Watch Tower |
| 8:54 | Watch Tower |
| 8:55 | Watch Tower |
| 8:56 | Watch Tower |
| 9:16 | Reinforced Defenses |
| 9:19 | Fortress |
| 9:40 | Serpent Ward |
| 9:52 | Watch Tower |
| 9:53 | Watch Tower |
| 10:23 | Staff of Teleportation |
| 10:24 | Circlet of Nobility |
| 10:51 | Watch Tower |
| 10:51 | Watch Tower |
| 11:18 | Spiked Barricades |
| 11:34 | Goblin Shredder |
| 12:54 | Spirit Lodge |
| 12:57 | Watch Tower |
| 12:58 | Watch Tower |
| 13:37 | Healing Wave |
| 14:05 | Voodoo Lounge |
| 14:14 | Witch Doctor Adept Training |
| 14:14 | Troll Witch Doctor |
| 14:14 | Troll Witch Doctor |
| 14:21 | Watch Tower |
| 14:22 | Watch Tower |
| 16:20 | Witch Doctor Master Training |
| 16:29 | Lesser Clarity Potion |
| 16:45 | Tiny Great Hall |
| 17:06 | Improved Spiked Barricades |
| 17:10 | Troll Regeneration |
| 17:51 | Troll Witch Doctor |
| 21:18 | Troll Witch Doctor |
| 21:18 | Troll Witch Doctor |
| 23:00 | Watch Tower |
| 23:01 | Watch Tower |
| 23:03 | Watch Tower |
| 27:58 | War Stomp |
| 32:03 | Great Hall |
| 32:06 | Watch Tower |
| 32:06 | Watch Tower |
| 32:07 | Watch Tower |
| 33:16 | Watch Tower |
| 33:17 | Watch Tower |
| 33:18 | Watch Tower |
| 34:58 | Peon |
| 37:25 | Watch Tower |
| 37:26 | Watch Tower |
| 37:30 | Watch Tower |
| 41:47 | Troll Witch Doctor |
| 41:47 | Troll Witch Doctor |
| 46:10 | Big Bad Voodoo |
| 50:17 | Altar of Storms |
| 50:33 | Orc Burrow |
| 50:44 | Orc Burrow |
| 53:51 | Troll Witch Doctor |
| 54:23 | Endurance Aura |
| 61:45 | Healing Wave |
| 61:59 | Endurance Aura |
| 62:44 | Peon |
| 63:07 | Peon |
| 63:27 | Peon |
| 63:28 | Peon |
| 64:20 | Peon |
| 70:08 | Circlet of Nobility |
| 70:19 | Potion of Lesser Invulnerability |
| 84:53 | Troll Witch Doctor |
| 84:53 | Troll Witch Doctor |
| 87:31 | Hex |
| 87:49 | Orc Burrow |
| 88:21 | Orc Burrow |
| Right click | 7008 |
| Select group | 2321 |
| Select | 850 |
| Use ability | 278 |
| Build/train/purchase | 105 |
| Resource trade | 75 |
| Minimap ping | 50 |
| Chat | 26 |
| Misc. action | 25 |
| Assign group | 22 |
| Item give/drop | 3 |
| Esc | 3 |



| Boots of Speed | 2 | 500 |
| Healing Salve | 1 | 100 |
| total: | 3 | 600g |
| Peasant | 21 | 1575 | / | 0 |
| Footman | 3 | 405 | / | 0 |
| Mortar Team | 8 | 1440 | / | 560 |
| Flying Machine | 19 | 1900 | / | 570 |
| Dragonhawk Rider | 2 | 400 | / | 60 |
| total: | 53 | 5720g | / | 1190w |
| Scout Tower | 41 | 1230 | / | 820 |
| Arcane Tower | 9 | 630 | / | 450 |
| Guard Tower | 12 | 840 | / | 600 |
| Altar of Kings | 3 | 540 | / | 150 |
| Barracks | 1 | 160 | / | 60 |
| Farm | 22 | 1760 | / | 440 |
| Lumber Mill | 2 | 240 | / | 0 |
| Town Hall | 2 | 770 | / | 410 |
| Blacksmith | 2 | 280 | / | 120 |
| Arcane Vault | 2 | 260 | / | 60 |
| Workshop | 3 | 420 | / | 420 |
| Gryphon Aviary | 1 | 140 | / | 150 |
| Keep | 2 | 640 | / | 420 |
| Castle | 2 | 720 | / | 420 |
| total: | 79 | 5800g | / | 2630w |
| 0:03 | Altar of Kings |
| 0:05 | Peasant |
| 0:05 | Peasant |
| 0:18 | Peasant |
| 0:23 | Barracks |
| 0:25 | Farm |
| 0:25 | Farm |
| 0:37 | Farm |
| 0:50 | Peasant |
| 1:02 | Peasant |
| 1:13 | Peasant |
| 1:22 | Peasant |
| 1:32 | Peasant |
| 1:41 | Footman |
| 1:48 | Scout Tower |
| 2:02 | Footman |
| 2:09 | Storm Bolt |
| 2:14 | Peasant |
| 2:20 | Farm |
| 2:35 | Arcane Tower |
| 2:48 | Footman |
| 3:02 | Peasant |
| 3:03 | Scout Tower |
| 3:06 | Lumber Mill |
| 3:35 | Peasant |
| 3:45 | Bash |
| 4:11 | Guard Tower |
| 4:12 | Scout Tower |
| 4:14 | Scout Tower |
| 4:16 | Peasant |
| 4:16 | Peasant |
| 4:18 | Improved Lumber Harvesting |
| 4:18 | Improved Masonry |
| 4:40 | Peasant |
| 4:52 | Town Hall |
| 4:58 | Scout Tower |
| 5:07 | Guard Tower |
| 5:07 | Peasant |
| 5:12 | Guard Tower |
| 5:13 | Peasant |
| 5:23 | Healing Salve |
| 5:38 | Arcane Tower |
| 5:43 | Scout Tower |
| 6:05 | Scout Tower |
| 6:09 | Scout Tower |
| 6:11 | Scout Tower |
| 6:13 | Storm Bolt |
| 6:31 | Scout Tower |
| 6:43 | Keep |
| 6:50 | Defend |
| 6:55 | Blacksmith |
| 7:21 | Scout Tower |
| 7:22 | Scout Tower |
| 7:24 | Guard Tower |
| 7:25 | Scout Tower |
| 7:57 | Guard Tower |
| 8:12 | Farm |
| 8:13 | Farm |
| 8:22 | Scout Tower |
| 8:23 | Scout Tower |
| 8:25 | Scout Tower |
| 8:29 | Town Hall |
| 8:42 | Scout Tower |
| 8:46 | Black Gunpowder |
| 8:47 | Iron Plating |
| 8:53 | Scout Tower |
| 9:01 | Guard Tower |
| 9:03 | Scout Tower |
| 9:03 | Scout Tower |
| 9:04 | Scout Tower |
| 9:39 | Castle |
| 10:01 | Advanced Lumber Harvesting |
| 10:27 | Blacksmith |
| 10:28 | Peasant |
| 10:29 | Peasant |
| 10:29 | Peasant |
| 11:03 | Guard Tower |
| 11:19 | Arcane Tower |
| 11:33 | Refined Gunpowder |
| 11:39 | Holy Light |
| 11:58 | Advanced Masonry |
| 12:16 | Steel Plating |
| 12:29 | Workshop |
| 12:33 | Workshop |
| 12:40 | Arcane Tower |
| 12:53 | Peasant |
| 12:53 | Peasant |
| 13:23 | Fragmentation Shards |
| 13:27 | Workshop |
| 13:51 | Imbued Masonry |
| 13:58 | Flak Cannons |
| 14:00 | Farm |
| 14:01 | Farm |
| 14:02 | Farm |
| 14:02 | Farm |
| 14:06 | Scout Tower |
| 14:07 | Scout Tower |
| 14:08 | Scout Tower |
| 14:08 | Scout Tower |
| 14:11 | Flying Machine Bombs |
| 14:12 | Flare |
| 14:14 | Imbued Gunpowder |
| 14:21 | Farm |
| 14:22 | Farm |
| 14:26 | Mithril Plating |
| 14:37 | Mortar Team |
| 15:21 | Scout Tower |
| 15:21 | Scout Tower |
| 15:22 | Scout Tower |
| 15:23 | Scout Tower |
| 16:07 | Guard Tower |
| 16:19 | Flying Machine |
| 16:19 | Flying Machine |
| 16:19 | Flying Machine |
| 16:19 | Flying Machine |
| 16:19 | Flying Machine |
| 16:22 | Guard Tower |
| 16:24 | Guard Tower |
| 16:25 | Scout Tower |
| 16:26 | Scout Tower |
| 16:26 | Scout Tower |
| 16:27 | Scout Tower |
| 16:49 | Farm |
| 16:57 | Farm |
| 16:58 | Farm |
| 16:58 | Farm |
| 16:59 | Farm |
| 17:17 | Arcane Tower |
| 17:19 | Arcane Tower |
| 17:30 | Lumber Mill |
| 17:53 | Flying Machine |
| 17:53 | Flying Machine |
| 17:54 | Flying Machine |
| 17:54 | Flying Machine |
| 17:54 | Flying Machine |
| 18:28 | Scout Tower |
| 18:28 | Scout Tower |
| 18:49 | Flying Machine |
| 18:49 | Flying Machine |
| 18:49 | Flying Machine |
| 20:07 | Flying Machine |
| 20:18 | Keep |
| 20:35 | Farm |
| 20:36 | Farm |
| 20:38 | Altar of Kings |
| 21:42 | Altar of Kings |
| 22:02 | Bash |
| 23:46 | Serpent Ward |
| 24:18 | Castle |
| 24:40 | Gryphon Aviary |
| 24:45 | Arcane Vault |
| 24:49 | Arcane Tower |
| 24:55 | Flying Machine |
| 24:55 | Flying Machine |
| 24:56 | Flying Machine |
| 24:56 | Flying Machine |
| 25:16 | Arcane Vault |
| 25:40 | Divine Shield |
| 27:39 | Mortar Team |
| 27:39 | Mortar Team |
| 29:02 | Cloud |
| 29:02 | Dragonhawk Rider |
| 29:03 | Dragonhawk Rider |
| 30:05 | Farm |
| 30:06 | Farm |
| 30:07 | Farm |
| 36:08 | Brilliance Aura |
| 41:15 | Mortar Team |
| 49:51 | Storm Bolt |
| 49:52 | Holy Light |
| 54:01 | Mortar Team |
| 60:08 | Blizzard |
| 64:11 | Scout Tower |
| 64:15 | Scout Tower |
| 64:16 | Scout Tower |
| 64:17 | Scout Tower |
| 64:43 | Guard Tower |
| 64:51 | Guard Tower |
| 65:09 | Scout Tower |
| 65:10 | Scout Tower |
| 65:55 | Arcane Tower |
| 65:57 | Arcane Tower |
| 69:55 | Boots of Speed |
| 69:55 | Boots of Speed |
| 74:20 | Divine Shield |
| 75:33 | Mortar Team |
| 75:36 | Mortar Team |
| 75:37 | Mortar Team |
| 80:42 | Flying Machine |
| 85:02 | Avatar |
| 89:36 | Brilliance Aura |
| Right click | 6108 |
| Select group | 2756 |
| Select | 961 |
| Use ability | 271 |
| Build/train/purchase | 176 |
| Misc. action | 161 |
| Resource trade | 36 |
| Assign group | 35 |
| Minimap ping | 16 |
| Esc | 14 |
| Chat | 9 |
| Item give/drop | 4 |
| Remove unit | 1 |
157 units @ 23k
/ 3.9k
201 buildings @ 22.2k
/ 11.8k
FeiZi
(2)
(90:59) : 


| Staff of Sanctuary | 1 | 250 |
| Orb of Fire | 1 | 325 |
| Scroll of Regeneration | 4 | 400 |
| Potion of Healing | 6 | 900 |
| Lesser Clarity Potion | 2 | 140 |
| Potion of Mana | 1 | 200 |
| Scroll of Town Portal | 5 | 1750 |
| Scroll of Healing | 2 | 500 |
| Staff of Teleportation | 1 | 150 |
| Potion of Lesser Invulnerability | 3 | 450 |
| Periapt of Vitality | 2 | 650 |
| Circlet of Nobility | 2 | 350 |
| Boots of Speed | 1 | 250 |
| Scroll of Protection | 2 | 300 |
| total: | 33 | 6615g |
| Peasant | 27 | 2025 | / | 0 |
| Rifleman | 20 | 4100 | / | 600 |
| Flying Machine | 15 | 1500 | / | 450 |
| Knight | 6 | 1470 | / | 360 |
| Siege Engine | 1 | 195 | / | 60 |
| total: | 69 | 9290g | / | 1470w |
| Scout Tower | 73 | 2190 | / | 1460 |
| Arcane Tower | 5 | 350 | / | 250 |
| Guard Tower | 28 | 1960 | / | 1400 |
| Altar of Kings | 1 | 180 | / | 50 |
| Farm | 10 | 800 | / | 200 |
| Barracks | 1 | 160 | / | 60 |
| Blacksmith | 1 | 140 | / | 60 |
| Arcane Vault | 1 | 130 | / | 30 |
| Town Hall | 9 | 3465 | / | 1845 |
| Lumber Mill | 1 | 120 | / | 0 |
| Cannon Tower | 1 | 120 | / | 100 |
| Arcane Sanctum | 1 | 150 | / | 140 |
| Workshop | 2 | 280 | / | 280 |
| Keep | 1 | 320 | / | 210 |
| Castle | 1 | 360 | / | 210 |
| total: | 100 | 7615g | / | 4125w |
| 0:02 | Peasant |
| 0:02 | Peasant |
| 0:08 | Altar of Kings |
| 0:23 | Farm |
| 0:32 | Peasant |
| 0:41 | Peasant |
| 0:50 | Barracks |
| 0:53 | Peasant |
| 1:04 | Blacksmith |
| 1:07 | Peasant |
| 1:18 | Farm |
| 1:40 | Peasant |
| 1:40 | Peasant |
| 2:00 | Farm |
| 2:10 | Holy Light |
| 2:12 | Rifleman |
| 2:21 | Scout Tower |
| 2:26 | Peasant |
| 2:32 | Rifleman |
| 2:32 | Rifleman |
| 2:32 | Rifleman |
| 2:50 | Arcane Tower |
| 2:57 | Farm |
| 3:12 | Rifleman |
| 3:33 | Rifleman |
| 4:28 | Devotion Aura |
| 4:35 | Rifleman |
| 4:48 | Rifleman |
| 4:51 | Keep |
| 4:52 | Black Gunpowder |
| 4:53 | Studded Leather Armor |
| 5:12 | Arcane Vault |
| 5:57 | Holy Light |
| 6:07 | Farm |
| 6:47 | Rifleman |
| 7:11 | Rifleman |
| 7:51 | Castle |
| 7:55 | Farm |
| 8:08 | Refined Gunpowder |
| 8:08 | Reinforced Leather Armor |
| 8:20 | Scout Tower |
| 8:56 | Arcane Tower |
| 8:57 | Long Rifles |
| 9:11 | Arcane Sanctum |
| 10:33 | Devotion Aura |
| 10:38 | Staff of Sanctuary |
| 10:38 | Orb of Fire |
| 10:40 | Scroll of Regeneration |
| 10:41 | Potion of Healing |
| 10:48 | Siphon Mana |
| 11:00 | Rifleman |
| 11:09 | Town Hall |
| 11:12 | Scout Tower |
| 11:13 | Scout Tower |
| 12:09 | Arcane Tower |
| 13:02 | Peasant |
| 13:02 | Peasant |
| 13:02 | Peasant |
| 13:07 | Workshop |
| 13:09 | Workshop |
| 13:44 | Lumber Mill |
| 14:20 | Fragmentation Shards |
| 14:42 | Magic Sentry |
| 14:58 | Scout Tower |
| 15:56 | Town Hall |
| 16:00 | Town Hall |
| 16:04 | Scout Tower |
| 16:27 | Improved Lumber Harvesting |
| 16:30 | Peasant |
| 16:30 | Peasant |
| 17:10 | Farm |
| 17:11 | Farm |
| 17:12 | Farm |
| 17:51 | Flame Strike |
| 18:09 | Farm |
| 18:16 | Flare |
| 18:32 | Guard Tower |
| 19:54 | Scroll of Town Portal |
| 19:58 | Scroll of Regeneration |
| 20:10 | Town Hall |
| 20:19 | Peasant |
| 20:36 | Rifleman |
| 20:41 | Peasant |
| 20:41 | Peasant |
| 20:42 | Peasant |
| 20:42 | Peasant |
| 21:27 | Town Hall |
| 21:59 | Scout Tower |
| 22:00 | Scout Tower |
| 22:01 | Scout Tower |
| 22:02 | Scout Tower |
| 22:03 | Scout Tower |
| 22:06 | Scout Tower |
| 22:06 | Scout Tower |
| 22:07 | Scout Tower |
| 22:07 | Scout Tower |
| 22:07 | Scout Tower |
| 22:16 | Peasant |
| 22:18 | Peasant |
| 22:19 | Peasant |
| 22:20 | Scout Tower |
| 22:21 | Scout Tower |
| 22:21 | Scout Tower |
| 22:29 | Guard Tower |
| 22:33 | Guard Tower |
| 22:36 | Improved Masonry |
| 22:37 | Advanced Lumber Harvesting |
| 22:39 | Scout Tower |
| 22:40 | Guard Tower |
| 22:41 | Guard Tower |
| 23:12 | Guard Tower |
| 23:13 | Guard Tower |
| 23:17 | Guard Tower |
| 23:19 | Scout Tower |
| 23:23 | Scout Tower |
| 23:26 | Scout Tower |
| 23:26 | Scout Tower |
| 23:44 | Guard Tower |
| 23:45 | Scout Tower |
| 23:48 | Scout Tower |
| 23:55 | Guard Tower |
| 23:57 | Guard Tower |
| 24:37 | Guard Tower |
| 24:44 | Guard Tower |
| 24:45 | Guard Tower |
| 24:49 | Holy Light |
| 24:57 | Scout Tower |
| 24:58 | Scout Tower |
| 24:59 | Scout Tower |
| 25:00 | Scout Tower |
| 25:00 | Scout Tower |
| 25:05 | Rifleman |
| 25:06 | Rifleman |
| 25:06 | Rifleman |
| 25:06 | Rifleman |
| 25:15 | Town Hall |
| 25:20 | Peasant |
| 25:20 | Peasant |
| 25:23 | Advanced Masonry |
| 26:16 | Guard Tower |
| 26:19 | Scout Tower |
| 26:21 | Scout Tower |
| 26:54 | Guard Tower |
| 26:57 | Scout Tower |
| 26:58 | Scout Tower |
| 26:58 | Scout Tower |
| 27:01 | Scout Tower |
| 27:02 | Scout Tower |
| 27:03 | Scout Tower |
| 27:04 | Scout Tower |
| 27:34 | Guard Tower |
| 27:36 | Scout Tower |
| 27:47 | Peasant |
| 27:47 | Peasant |
| 27:58 | Peasant |
| 28:32 | Guard Tower |
| 28:34 | Siphon Mana |
| 28:44 | Guard Tower |
| 29:32 | Flying Machine |
| 30:13 | Guard Tower |
| 31:43 | Scout Tower |
| 31:43 | Scout Tower |
| 31:43 | Scout Tower |
| 31:44 | Scout Tower |
| 31:44 | Scout Tower |
| 31:45 | Scout Tower |
| 31:46 | Scout Tower |
| 31:46 | Scout Tower |
| 33:49 | Rifleman |
| 33:49 | Rifleman |
| 33:53 | Scout Tower |
| 33:54 | Scout Tower |
| 33:54 | Scout Tower |
| 33:54 | Scout Tower |
| 33:54 | Scout Tower |
| 33:57 | Guard Tower |
| 34:02 | Rifleman |
| 34:22 | Scout Tower |
| 34:28 | Town Hall |
| 34:35 | Town Hall |
| 34:36 | Guard Tower |
| 34:37 | Arcane Tower |
| 34:42 | Scout Tower |
| 34:43 | Scout Tower |
| 34:45 | Scout Tower |
| 34:46 | Scout Tower |
| 34:55 | Guard Tower |
| 34:56 | Arcane Tower |
| 35:01 | Scout Tower |
| 35:02 | Scout Tower |
| 35:03 | Scout Tower |
| 35:04 | Scout Tower |
| 35:04 | Scout Tower |
| 35:05 | Scout Tower |
| 35:40 | Scout Tower |
| 35:41 | Scout Tower |
| 36:00 | Flying Machine Bombs |
| 36:00 | Flak Cannons |
| 36:03 | Imbued Gunpowder |
| 36:04 | Dragonhide Armor |
| 36:09 | Guard Tower |
| 36:10 | Guard Tower |
| 36:15 | Guard Tower |
| 36:21 | Guard Tower |
| 36:26 | Guard Tower |
| 37:06 | Scroll of Town Portal |
| 37:09 | Staff of Teleportation |
| 37:30 | Town Hall |
| 38:18 | Flying Machine |
| 38:18 | Flying Machine |
| 38:18 | Flying Machine |
| 38:18 | Flying Machine |
| 38:18 | Flying Machine |
| 38:19 | Flying Machine |
| 38:19 | Flying Machine |
| 39:52 | Flame Strike |
| 40:22 | Devotion Aura |
| 41:06 | Flying Machine |
| 41:06 | Flying Machine |
| 41:06 | Flying Machine |
| 41:06 | Flying Machine |
| 41:06 | Flying Machine |
| 41:07 | Flying Machine |
| 41:07 | Flying Machine |
| 42:41 | Imbued Masonry |
| 51:35 | Potion of Lesser Invulnerability |
| 53:21 | Potion of Healing |
| 53:27 | Potion of Healing |
| 53:30 | Scroll of Town Portal |
| 53:30 | Potion of Healing |
| 53:44 | Animal War Training |
| 56:23 | Lesser Clarity Potion |
| 56:24 | Scroll of Regeneration |
| 56:27 | Scroll of Town Portal |
| 56:28 | Potion of Healing |
| 69:40 | Knight |
| 69:43 | Iron Forged Swords |
| 69:44 | Iron Plating |
| 69:46 | Rifleman |
| 70:15 | Cluster Rockets |
| 70:45 | Potion of Lesser Invulnerability |
| 70:49 | Periapt of Vitality |
| 70:49 | Circlet of Nobility |
| 70:50 | Scroll of Healing |
| 70:54 | Boots of Speed |
| 70:59 | Scroll of Protection |
| 71:33 | Siege Engine |
| 72:02 | Periapt of Vitality |
| 72:36 | Flame Strike |
| 73:24 | Circlet of Nobility |
| 73:31 | Scout Tower |
| 73:32 | Scout Tower |
| 73:32 | Scout Tower |
| 74:44 | Knight |
| 74:49 | Pocket Factory |
| 75:17 | Divine Shield |
| 75:23 | Knight |
| 75:31 | Knight |
| 79:33 | Cluster Rockets |
| 80:03 | Knight |
| 80:03 | Knight |
| 86:33 | Scroll of Regeneration |
| 86:35 | Scroll of Town Portal |
| 86:35 | Lesser Clarity Potion |
| 86:38 | Potion of Healing |
| 86:40 | Potion of Mana |
| 87:19 | Summon Phoenix |
| 87:50 | Potion of Lesser Invulnerability |
| 87:53 | Scroll of Healing |
| 87:53 | Scroll of Protection |
| 88:41 | Scout Tower |
| 88:45 | Scout Tower |
| 89:31 | Cannon Tower |
| 89:40 | Scout Tower |
| Right click | 2372 |
| Select | 1251 |
| Select group | 1200 |
| Misc. action | 607 |
| Use ability | 263 |
| Build/train/purchase | 224 |
| Minimap ping | 82 |
| Resource trade | 77 |
| Assign group | 59 |
| Esc | 5 |
| Item give/drop | 4 |
| Chat | 4 |
| Remove unit | 1 |


| Lesser Clarity Potion | 9 | 630 |
| Healing Salve | 2 | 200 |
| Orb of Lightning | 1 | 375 |
| Scroll of Town Portal | 6 | 2100 |
| Circlet of Nobility | 2 | 350 |
| Potion of Lesser Invulnerability | 2 | 300 |
| total: | 22 | 3955g |
| Peon | 18 | 1350 | / | 0 |
| Grunt | 3 | 600 | / | 0 |
| Shaman | 8 | 1040 | / | 160 |
| Troll Witch Doctor | 20 | 2900 | / | 500 |
| Demolisher | 25 | 5500 | / | 1250 |
| Troll Headhunter | 1 | 140 | / | 20 |
| Troll Batrider | 10 | 1600 | / | 400 |
| Raider | 3 | 540 | / | 120 |
| total: | 88 | 13670g | / | 2450w |
| Watch Tower | 57 | 6270 | / | 4560 |
| Altar of Storms | 2 | 360 | / | 100 |
| Orc Burrow | 19 | 3040 | / | 760 |
| Barracks | 5 | 900 | / | 250 |
| Voodoo Lounge | 2 | 260 | / | 60 |
| War Mill | 4 | 820 | / | 0 |
| Great Hall | 5 | 1925 | / | 925 |
| Spirit Lodge | 3 | 450 | / | 450 |
| Beastiary | 4 | 580 | / | 560 |
| Stronghold | 2 | 630 | / | 380 |
| Fortress | 2 | 650 | / | 380 |
| total: | 101 | 14605g | / | 7665w |
| 0:02 | Peon |
| 0:02 | Peon |
| 0:02 | Peon |
| 0:11 | Altar of Storms |
| 0:21 | Orc Burrow |
| 0:31 | Peon |
| 0:42 | Barracks |
| 0:57 | Peon |
| 0:57 | Peon |
| 1:16 | Peon |
| 1:33 | Orc Burrow |
| 1:42 | Grunt |
| 1:59 | Voodoo Lounge |
| 2:03 | Peon |
| 2:14 | Critical Strike |
| 2:23 | Grunt |
| 2:57 | Stronghold |
| 3:21 | Grunt |
| 3:32 | Wind Walk |
| 3:39 | Orc Burrow |
| 4:24 | Orc Burrow |
| 5:25 | Spirit Lodge |
| 5:27 | Fortress |
| 5:33 | Spirit Lodge |
| 6:12 | Critical Strike |
| 6:19 | Lesser Clarity Potion |
| 6:19 | Lesser Clarity Potion |
| 6:19 | Healing Salve |
| 6:52 | Shaman Adept Training |
| 6:53 | Witch Doctor Adept Training |
| 7:12 | Healing Wave |
| 7:53 | Shaman Master Training |
| 7:54 | Witch Doctor Master Training |
| 8:01 | War Mill |
| 8:06 | Circlet of Nobility |
| 8:20 | Shaman |
| 8:20 | Troll Witch Doctor |
| 8:20 | Shaman |
| 9:05 | Troll Witch Doctor |
| 9:21 | Great Hall |
| 10:29 | Reinforced Defenses |
| 10:33 | Watch Tower |
| 10:39 | Shaman |
| 10:40 | Troll Witch Doctor |
| 10:54 | Hex |
| 11:07 | Troll Witch Doctor |
| 11:07 | Shaman |
| 11:16 | Orc Burrow |
| 12:02 | Peon |
| 12:02 | Peon |
| 12:02 | Peon |
| 12:05 | Orc Burrow |
| 12:08 | Orb of Lightning |
| 12:15 | Troll Witch Doctor |
| 12:20 | Troll Witch Doctor |
| 12:39 | Watch Tower |
| 12:41 | Watch Tower |
| 12:45 | Wind Walk |
| 13:09 | Demolisher |
| 13:41 | Watch Tower |
| 13:43 | Watch Tower |
| 13:45 | Watch Tower |
| 14:17 | Burning Oil |
| 14:18 | Demolisher |
| 14:44 | Demolisher |
| 14:46 | Barracks |
| 15:17 | Peon |
| 16:20 | Demolisher |
| 17:11 | Great Hall |
| 17:29 | Demolisher |
| 18:21 | Watch Tower |
| 19:03 | Watch Tower |
| 20:09 | Demolisher |
| 20:10 | Shaman |
| 20:11 | Troll Witch Doctor |
| 20:35 | Watch Tower |
| 20:46 | Peon |
| 20:46 | Peon |
| 20:46 | Peon |
| 22:07 | Watch Tower |
| 22:08 | Watch Tower |
| 22:23 | Lesser Clarity Potion |
| 23:10 | Shaman |
| 23:11 | Troll Witch Doctor |
| 23:12 | Troll Headhunter |
| 23:38 | Stronghold |
| 24:37 | Orc Burrow |
| 24:38 | Orc Burrow |
| 24:39 | Watch Tower |
| 24:40 | Watch Tower |
| 26:30 | Altar of Storms |
| 27:28 | Critical Strike |
| 27:42 | Orc Burrow |
| 28:09 | Orc Burrow |
| 28:41 | Beastiary |
| 30:16 | Watch Tower |
| 30:31 | Watch Tower |
| 30:33 | Watch Tower |
| 30:39 | Circlet of Nobility |
| 30:39 | Scroll of Town Portal |
| 31:14 | Watch Tower |
| 31:15 | Watch Tower |
| 32:00 | War Mill |
| 32:13 | Beastiary |
| 32:27 | Great Hall |
| 33:00 | Voodoo Lounge |
| 33:15 | Watch Tower |
| 33:18 | Watch Tower |
| 34:02 | Watch Tower |
| 34:09 | Beastiary |
| 34:12 | Orc Burrow |
| 34:15 | Orc Burrow |
| 34:21 | Orc Burrow |
| 34:23 | Watch Tower |
| 35:13 | War Mill |
| 35:29 | Watch Tower |
| 35:40 | Watch Tower |
| 35:52 | Troll Batrider |
| 35:53 | Troll Batrider |
| 35:54 | Beastiary |
| 36:26 | Troll Batrider |
| 36:26 | Troll Batrider |
| 36:49 | Orc Burrow |
| 37:12 | Troll Batrider |
| 37:25 | Watch Tower |
| 38:01 | Troll Batrider |
| 38:32 | Watch Tower |
| 38:55 | Troll Batrider |
| 39:11 | Troll Batrider |
| 39:54 | Bladestorm |
| 40:23 | Watch Tower |
| 40:33 | Great Hall |
| 40:36 | Troll Batrider |
| 40:36 | Troll Batrider |
| 40:43 | Watch Tower |
| 41:21 | Fortress |
| 41:30 | War Mill |
| 42:41 | Great Hall |
| 44:36 | Healing Wave |
| 45:05 | Liquid Fire |
| 46:39 | Peon |
| 46:39 | Peon |
| 46:39 | Peon |
| 46:55 | Barracks |
| 47:00 | Barracks |
| 47:13 | Barracks |
| 47:24 | Watch Tower |
| 47:26 | Watch Tower |
| 47:27 | Watch Tower |
| 47:28 | Watch Tower |
| 47:28 | Watch Tower |
| 47:29 | Watch Tower |
| 47:32 | Watch Tower |
| 47:32 | Watch Tower |
| 47:33 | Watch Tower |
| 47:34 | Watch Tower |
| 47:35 | Watch Tower |
| 47:39 | Watch Tower |
| 47:40 | Watch Tower |
| 47:41 | Watch Tower |
| 47:42 | Watch Tower |
| 47:43 | Watch Tower |
| 47:43 | Watch Tower |
| 47:52 | Watch Tower |
| 47:52 | Watch Tower |
| 47:53 | Watch Tower |
| 47:53 | Watch Tower |
| 47:54 | Watch Tower |
| 47:54 | Watch Tower |
| 47:56 | Watch Tower |
| 47:56 | Watch Tower |
| 47:57 | Watch Tower |
| 47:57 | Watch Tower |
| 47:58 | Watch Tower |
| 52:50 | Lesser Clarity Potion |
| 53:45 | Potion of Lesser Invulnerability |
| 54:04 | Demolisher |
| 54:04 | Demolisher |
| 54:04 | Demolisher |
| 56:01 | Spirit Lodge |
| 56:22 | Lesser Clarity Potion |
| 56:40 | Steel Ranged Weapons |
| 56:44 | Steel Armor |
| 57:00 | Potion of Lesser Invulnerability |
| 57:09 | Demolisher |
| 57:14 | Watch Tower |
| 57:16 | Orc Burrow |
| 58:11 | Orc Burrow |
| 58:41 | Troll Witch Doctor |
| 58:41 | Troll Witch Doctor |
| 60:52 | Demolisher |
| 60:54 | Thorium Ranged Weapons |
| 60:57 | Thorium Armor |
| 62:08 | Lesser Clarity Potion |
| 62:52 | Lesser Clarity Potion |
| 62:57 | Scroll of Town Portal |
| 65:51 | Demolisher |
| 65:58 | Scroll of Town Portal |
| 69:37 | Demolisher |
| 69:52 | Troll Witch Doctor |
| 69:52 | Troll Witch Doctor |
| 69:55 | Orc Burrow |
| 69:59 | Orc Burrow |
| 70:03 | Orc Burrow |
| 70:34 | Lesser Clarity Potion |
| 72:02 | Demolisher |
| 73:13 | Lesser Clarity Potion |
| 73:18 | Healing Salve |
| 73:21 | Scroll of Town Portal |
| 75:05 | Mirror Image |
| 75:54 | Demolisher |
| 75:59 | Troll Witch Doctor |
| 75:59 | Troll Witch Doctor |
| 77:41 | Scroll of Town Portal |
| 78:06 | Demolisher |
| 78:06 | Demolisher |
| 78:06 | Demolisher |
| 78:08 | Troll Witch Doctor |
| 78:08 | Troll Witch Doctor |
| 78:08 | Troll Witch Doctor |
| 81:15 | Scroll of Town Portal |
| 83:36 | Demolisher |
| 87:09 | Demolisher |
| 87:09 | Demolisher |
| 87:10 | Demolisher |
| 87:10 | Demolisher |
| 87:31 | Demolisher |
| 87:31 | Demolisher |
| 88:11 | Troll Witch Doctor |
| 88:11 | Troll Witch Doctor |
| 88:11 | Troll Witch Doctor |
| 88:12 | Shaman |
| 88:12 | Shaman |
| 88:17 | Raider |
| 88:17 | Raider |
| 88:17 | Raider |
| 89:23 | Ensnare |
| Right click | 4923 |
| Select group | 2543 |
| Select | 1219 |
| Build/train/purchase | 256 |
| Assign group | 170 |
| Use ability | 167 |
| Chat | 106 |
| Misc. action | 105 |
| Minimap ping | 42 |
| Item give/drop | 15 |
| Esc | 10 |
| Remove unit | 5 |